Map: Odyssey LE

Players

Kelazhur

  • Race: Terran Terran
  • Spawn Location: 11:00

Snute - Winner!

  • Race: Zerg Zerg
  • Spawn Location: 5:00

Event: WCS Valencia 2017

VOD

Have the link to the VOD?

Description

Time

  • Played on: July 15, 2017, 8:23 a.m.
  • Length: 22:51

All games in this series

Show
View Real Time Build Order
Export as new Build Order

Kelazhur Terran 

Build Orders: Hellion Opening, Bio Mine 

Get SALT Encoding   

  12  0:00  SCV  
  13  0:13  SCV  
  14  0:16  Supply Depot  
  14  0:25  SCV  
  15  0:38  SCV  
  15  0:40  Barracks  
  16  0:43  Refinery  
  16  0:50  SCV  
  17  1:02  SCV  
  18  1:14  SCV  
  19  1:27  Marine, Orbital Command  
  20  1:39  Command Center  
  20  1:44  Marine  
  21  1:52  Supply Depot  
  21  1:53  SCV  
  22  2:05  Factory  
  22  2:07  Barracks Reactor  
  22  2:09  SCV  
  23  2:21  SCV  
  23  2:22  Refinery  
  24  2:34  SCV  
  25  2:46  SCV  
  25  2:49  Starport  
  26  2:54  Hellion x2  
  26  2:58  SCV, Marine  
  31  2:59  Orbital Command  
  32  3:10  SCV  
  33  3:15  Hellion  
  33  3:16  Hellion, Marine  
  38  3:22  SCV  
  38  3:25  SCV  
  38  3:26  Viking  
  42  3:33  Supply Depot  
  42  3:37  Hellion x2  
  46  3:49  Supply Depot  
  46  3:54  Marine, SCV x2, Armory  
  49  3:58  Medivac  
  51  4:05  Hellion  
  51  4:07  SCV  
  54  4:11  Hellion, SCV  
  54  4:12  Marine  
  54  4:14  Supply Depot  
  58  4:18  Liberator  
  58  4:23  SCV x2  
  60  4:30  Hellion  
  62  4:33  Barracks Tech Lab  
  62  4:35  SCV  
  62  4:36  Hellion  
  62  4:38  Supply Depot  
  68  4:42  SCV  
  69  4:48  SCV, Supply Depot  
  70  4:59  Stimpack, Marine, SCV  
  76  5:00  Hellion x2  
  76  5:04  SCV  
  75  5:13  SCV  
  66  5:21  Hellion x2  
  66  5:24  SCV  
  66  5:28  SCV  
  63  5:29  Command Center  
  63  5:34  Marine  
  64  5:37  SCV  
  64  5:39  Barracks  
  64  5:40  SCV, Barracks  
  66  5:44  Supply Depot  
  66  5:49  SCV  
  67  5:51  Engineering Bay  
  67  5:52  SCV, Marine  
  67  5:53  Engineering Bay, Factory Reactor  
  69  6:02  Starport Reactor  
  70  6:04  SCV, Barracks x2  
  70  6:06  SCV, Refinery  
  70  6:07  Refinery  
  71  6:16  SCV  
  72  6:18  Terran Infantry Weapons Level 1  
  72  6:19  Terran Infantry Armor Level 1  
  72  6:23  SCV  
  73  6:28  SCV  
  71  6:38  SCV  
  71  6:39  Marine  
  73  6:40  Medivac x2  
  73  6:43  Factory Reactor  
  73  6:46  SCV, Marine x4  
  81  6:49  Orbital Command  
  81  6:52  Barracks Reactor x2  
  82  6:54  SCV  
  82  6:55  Supply Depot  
  82  6:57  Marauder  
  82  6:58  SCV  
  86  7:04  Marine x4  
  86  7:05  Combat Shields  
  90  7:08  SCV  
  90  7:10  SCV, Medivac x2  
  96  7:20  Orbital Command  
  96  7:21  SCV, Marine  
  98  7:23  SCV  
  98  7:25  Widow Mine x2  
  98  7:29  Barracks  
  103  7:30  Marine x2  
  103  7:31  Marine x3, Barracks x2  
  103  7:34  SCV  
  103  7:36  Marine x2  
  111  7:38  Marine  
  113  7:44  SCV, Marine  
  113  7:46  SCV  
  113  7:48  Marine x2  
  117  7:51  Supply Depot  
  117  7:54  Supply Depot  
  117  8:12  Marine x5, Refinery  
  117  8:13  Marauder, SCV  
  117  8:16  Marine x3, SCV x2  
  130  8:28  SCV x2  
  130  8:30  Marine  
  133  8:36  Supply Depot  
  133  8:37  Barracks Tech Lab  
  133  8:38  Barracks Reactor, Barracks Tech Lab, Supply Depot  
  133  8:39  Marine x7  
  133  8:40  Supply Depot  
  133  8:41  Terran Infantry Weapons Level 2  
  140  8:42  Terran Infantry Armor Level 2  
  140  8:48  Marine  
  140  8:56  Marine, Medivac x2, Widow Mine x2  
  140  8:57  Marauder  
  140  8:58  Marine x8  
  149  9:04  Supply Depot  
  149  9:06  Marine  
  149  9:09  Concussive Shells  
  150  9:10  Command Center  
  150  9:14  Marine  
  150  9:15  Marine x2  
  155  9:17  Marauder  
  155  9:18  Marauder  
  154  9:25  Marine  
  154  9:26  Marine x5  
  154  9:28  Widow Mine x2  
  164  9:34  Marine  
  164  9:36  Marauder, Supply Depot  
  166  9:49  Marauder, Marine  
  166  9:56  Widow Mine  
  166  9:57  Widow Mine  
  166  9:58  Marine  
  166  9:59  Marauder, Marine x9  
  165  10:05  Refinery  
  165  10:07  Marine  
  158  10:09  Factory, Missile Turret  
  158  10:10  Marine  
  160  10:16  Marine x4  
  160  10:19  Marauder  
  160  10:20  Marine  
  160  10:21  Marauder  
  169  10:33  Missile Turret  
  169  10:34  Marine  
  169  10:35  Marauder, Marine x8, Missile Turret  
  180  10:38  Marine  
  180  10:40  Marine  
  182  10:44  Widow Mine x2  
  182  10:45  Marauder  
  182  10:49  Missile Turret x2  
  188  10:52  Marine x4  
  192  11:02  Marauder, Marine x2, Factory Tech Lab  
  196  11:06  Marine x3  
  196  11:07  Marine, Medivac  
  196  11:12  Terran Infantry Weapons Level 3  
  195  11:19  Terran Infantry Armor Level 3  
  195  11:21  Marine  
  195  11:22  Marine x2  
  196  11:27  Planetary Fortress  
  196  11:29  Marine x2  
  196  11:31  Medivac  
  196  11:49  Drilling Claws  
  196  11:53  Terran Vehicle Weapons Level 1  
  196  11:54  Widow Mine x2  
  200  12:03  Missile Turret  
  200  12:05  Marine  
  200  12:13  Command Center  
  200  12:32  Marine x2  
  200  12:33  Marine  
  200  12:34  Marine x4  
  200  12:35  Marine x2  
  200  12:36  Marine  
  200  12:38  Marine  
  200  12:41  Refinery  
  200  12:42  Starport x2  
  200  12:45  Marauder  
  190  13:00  Marine, Medivac x2  
  190  13:03  Marine  
  195  13:08  Widow Mine x2  
  194  13:13  Liberator x4  
  194  13:16  Marauder, Marine x2  
  194  13:17  Widow Mine  
  189  13:24  Marauder  
  191  13:36  Marauder, Widow Mine  
  191  13:41  Supply Depot  
  191  13:42  Marauder, Marine, Supply Depot  
  194  13:54  Marauder, Marine  
  197  13:58  Marauder, Widow Mine, Liberator  
  197  13:59  Liberator x2  
  199  14:11  Barracks Tech Lab  
  199  14:12  Marauder  
  192  14:29  Barracks Tech Lab  
  190  14:31  Barracks Tech Lab  
  190  14:36  Marauder x2  
  193  14:43  Marauder  
  193  14:44  Missile Turret  
  193  14:45  Marauder, Marine  
  198  14:46  Missile Turret  
  198  14:47  Widow Mine  
  198  14:48  Widow Mine, Missile Turret  
  200  14:57  Marauder  
  197  15:01  Marauder x2  
  197  15:04  Marine x4  
  197  15:06  Marine  
  194  15:09  Liberator x3  
  194  15:15  Barracks Tech Lab  
  194  15:18  Marine  
  178  15:22  Marine x6  
  178  15:23  Marine  
  188  15:29  Widow Mine x2  
  188  15:32  Liberator  
  188  15:33  Marauder  
  188  15:35  Widow Mine  
  194  15:36  Marine  
  194  15:39  Marine  
  194  15:40  Marine x2  
  193  15:54  Marauder  
  195  15:57  Widow Mine  
  195  15:58  Widow Mine  
  199  16:16  Command Center  
  199  16:17  Command Center  
  199  16:23  Missile Turret x2  
  197  16:26  Marauder  
  197  16:27  Missile Turret  
  197  16:28  Missile Turret  
  197  16:32  Terran Ship Weapons Level 1  
  195  16:42  Marauder  
  195  16:44  Widow Mine  
  187  17:06  Marine  
  175  17:15  Marauder x2, Marine  
  180  17:23  Widow Mine x3  
  183  17:40  Missile Turret x3  
  183  17:42  Marauder  
  184  17:45  Marine  
  184  17:48  Marine  
  177  18:04  Marauder, Marine x4  
  177  18:05  Marauder, Marine x2, Missile Turret  
  187  18:06  Missile Turret  
  187  18:07  Starport Tech Lab, Missile Turret  
  187  18:08  Fusion Core  
  187  18:19  Planetary Fortress  
  187  18:22  Liberator, Medivac x2  
  187  18:23  Medivac  
  193  18:35  Liberator  
  191  18:42  Sensor Tower  
  191  18:52  Marauder x2  
  191  18:55  Missile Turret  
  198  19:01  Hi-Sec Auto Tracking, Building Armor  
  198  19:03  Terran Ship Weapons Level 2  
  198  19:12  Marauder  
  199  19:27  Advanced Ballistics  
  195  19:53  Widow Mine x2  
  195  19:58  Liberator x2  
  198  20:04  Marine  
  148  20:10  Marauder x2  
  148  20:11  Marauder x5, Marine  
  149  20:20  Liberator x2  
  152  20:22  Marine  
  143  20:29  Marine  
  143  20:31  Marine x2  
  143  20:32  Marauder x3, Marine x2  
  144  20:41  Liberator  
  133  20:44  Marine  
  133  20:47  Marine  
  132  20:50  Marauder  
  132  20:51  Widow Mine x2  
  132  20:53  Marine  
  133  21:03  Marauder x2, Marine  
  133  21:04  Marine x3  
  141  21:06  Marauder  
  143  21:12  Marauder x2  
  144  21:21  Marine  
  144  21:22  Marauder  
  147  21:27  Marine x3  
  150  21:43  Marine  
  150  21:44  Marauder, Marine x3  
  156  21:52  Marine  
  156  21:54  Marine  
  117  22:13  Marauder  
  85  22:25  Marauder x2, Marine  
  85  22:26  Marauder, Marine x2  
Show
View Real Time Build Order
Export as new Build Order

Snute Zerg - Winner!

Build Orders: Pool First, Muta Ling Bane 

Get SALT Encoding   

  12  0:00  Drone  
  13  0:12  Overlord  
  13  0:17  Drone  
  14  0:30  Drone x2  
  14  0:35  Drone  
  17  0:43  Spawning Pool  
  17  0:48  Drone  
  17  1:08  Hatchery  
  16  1:11  Drone  
  16  1:14  Drone  
  16  1:17  Extractor  
  17  1:19  Drone  
  18  1:30  Queen  
  21  1:32  Zergling x2  
  21  1:39  Overlord  
  21  1:50  Drone  
  22  2:00  Drone  
  23  2:06  Queen  
  25  2:10  Drone  
  26  2:18  Metabolic Boost  
  26  2:20  Queen, Drone  
  29  2:23  Drone  
  30  2:30  Drone  
  30  2:32  Overlord  
  31  2:37  Drone x2  
  31  2:39  Drone  
  31  2:41  Drone  
  34  2:46  Drone  
  35  2:53  Drone  
  36  3:02  Drone  
  36  3:03  Drone  
  36  3:04  Hatchery  
  37  3:06  Zergling x2  
  38  3:14  Drone x3  
  38  3:17  Drone, Overlord  
  38  3:18  Drone  
  43  3:20  Drone  
  43  3:25  Overlord  
  44  3:33  Overlord  
  44  3:34  Queen  
  44  3:38  Queen  
  48  3:43  Zergling x6  
  51  3:52  Baneling Nest  
  51  3:53  Zergling x2  
  51  3:54  Zergling x4  
  53  3:56  Zergling x6  
  55  4:04  Zergling x4  
  57  4:10  Queen  
  57  4:14  Queen  
  57  4:17  Queen  
  61  4:18  Zergling x2  
  64  4:30  Overlord  
  64  4:32  Zergling x4  
  64  4:38  Baneling x2  
  70  4:42  Drone x4  
  70  4:43  Drone  
  70  4:45  Overlord  
  73  4:47  Drone  
  73  4:48  Queen  
  73  4:50  Drone x2  
  72  4:54  Drone  
  72  4:55  Baneling  
  72  4:58  Extractor  
  71  5:01  Spore Crawler  
  71  5:03  Baneling x4  
  71  5:05  Zergling x16  
  78  5:10  Drone x2  
  79  5:17  Drone  
  72  5:23  Zergling x4  
  72  5:25  Spore Crawler  
  72  5:27  Spore Crawler  
  72  5:28  Drone  
  72  5:31  Evolution Chamber x2  
  72  5:33  Drone  
  72  5:34  Drone x6  
  77  5:36  Drone  
  77  5:39  Drone  
  79  5:43  Drone  
  79  5:47  Drone  
  79  5:49  Overlord  
  81  5:54  Drone  
  81  5:57  Overlord  
  81  5:58  Zerg Ground Armor Level 1  
  81  5:59  Zerg Melee Weapons Level 1  
  81  6:01  Overlord x3  
  81  6:02  Extractor  
  80  6:17  Hatchery, Drone x2  
  81  6:19  Lair  
  79  6:28  Drone x12  
  79  6:29  Drone  
  79  6:30  Drone  
  79  6:32  Drone  
  94  6:34  Extractor  
  92  6:40  Baneling x3  
  92  6:42  Extractor  
  91  6:51  Hatchery, Overlord x2  
  90  7:02  Extractor  
  90  7:07  Overlord x2  
  90  7:08  Overlord  
  89  7:13  Drone x3  
  89  7:15  Drone x5  
  95  7:16  Drone  
  95  7:21  Centrifical Hooks  
  98  7:22  Pneumatized Carapace  
  98  7:23  Overseer  
  98  7:24  Spire  
  98  7:29  Zergling x22  
  108  7:31  Baneling  
  108  7:32  Baneling x3  
  108  7:35  Zergling x4  
  110  7:43  Zergling x2  
  110  7:44  Zergling x6  
  114  7:49  Spore Crawler  
  113  7:52  Zergling x16  
  113  7:54  Zerg Ground Armor Level 2, Zerg Melee Weapons Level 2  
  113  7:57  Baneling x2  
  121  8:06  Zergling x2  
  121  8:07  Zergling x18  
  131  8:13  Zergling x6  
  134  8:28  Zergling x10  
  134  8:29  Zergling x6  
  141  8:36  Overlord  
  141  8:37  Overlord x2  
  141  8:39  Zerg Flyer Weapons Level 1  
  141  8:43  Baneling x8  
  141  8:44  Baneling x3  
  141  8:46  Overlord  
  136  8:59  Overseer x2  
  136  9:01  Drone x4  
  140  9:05  Mutalisk x6  
  140  9:07  Zergling x2  
  140  9:08  Zergling x18  
  162  9:13  Infestation Pit  
  162  9:15  Burrow  
  161  9:20  Hatchery  
  160  9:25  Zergling x2  
  160  9:26  Zergling x10  
  166  9:33  Overseer  
  166  9:41  Mutalisk x3  
  166  9:44  Zergling x8  
  166  9:45  Zergling x8  
  154  10:01  Mutalisk x3  
  154  10:04  Zergling x12  
  166  10:07  Overlord x3  
  166  10:08  Overlord x2  
  166  10:09  Extractor  
  161  10:24  Overlord  
  161  10:27  Hive, Mutalisk x2  
  165  10:44  Baneling x9  
  165  10:45  Zergling x32  
  165  10:46  Zergling x36  
  197  10:53  Extractor  
  197  10:55  Zergling x6  
  198  11:10  Baneling  
  198  11:11  Baneling x9, Zergling x24  
  187  11:12  Zergling x4  
  200  11:21  Baneling x4  
  195  11:32  Zergling x12  
  198  11:41  Zerg Ground Armor Level 3  
  198  11:42  Ultralisk Cavern  
  195  12:08  Zerg Melee Weapons Level 3  
  195  12:09  Adrenal Glands  
  193  12:29  Hatchery  
  189  12:31  Chitinous Plating  
  189  12:32  Ultralisk  
  190  12:44  Ultralisk  
  193  13:03  Baneling x12  
  193  13:04  Ultralisk  
  186  13:16  Ultralisk x2  
  181  13:20  Zergling x28  
  181  13:26  Ultralisk  
  189  13:27  Zergling x8  
  189  13:28  Zergling x12  
  196  13:44  Zergling x8  
  197  13:49  Hatchery  
  193  14:12  Ultralisk  
  194  14:24  Zergling x2  
  194  14:25  Zergling x8  
  194  14:28  Spore Crawler  
  194  14:30  Spore Crawler  
  193  14:37  Drone x6  
  193  14:38  Drone x3  
  193  14:41  Drone x6  
  196  15:04  Corruptor  
  196  15:05  Corruptor  
  199  15:10  Corruptor  
  199  15:13  Baneling x10  
  199  15:14  Baneling x24  
  200  15:15  Baneling x3  
  184  15:35  Corruptor x4  
  178  15:44  Zergling x26  
  178  15:45  Zergling x4  
  185  15:53  Ultralisk x2  
  197  16:08  Zergling x6  
  199  16:15  Greater Spire  
  199  16:22  Hatchery  
  193  16:57  Zergling x14  
  188  17:06  Ultralisk x5  
  190  17:11  Ultralisk  
  196  17:22  Overseer  
  190  17:35  Hatchery  
  188  17:46  Zergling x4  
  188  17:47  Zergling x14  
  188  17:49  Hatchery  
  185  18:00  Corruptor x3  
  186  18:20  Corruptor  
  186  18:21  Corruptor  
  186  18:23  Zergling x2  
  186  18:24  Zergling x12  
  197  18:38  Zergling x2  
  197  18:39  Zergling x2  
  199  18:46  Zerg Flyer Armor Level 1  
  194  19:34  Zergling x14  
  185  20:04  Zergling x16  
  185  20:05  Zergling x42  
  192  20:09  Queen x3  
  190  20:14  Overseer  
  190  20:17  Ultralisk  
  179  20:40  Ultralisk x2  
  179  20:41  Ultralisk x2  
  196  20:53  Zergling x18  
  191  21:06  Ultralisk  
  190  21:33  Zergling x8  
  190  21:34  Zergling x12  
  185  22:10  Ultralisk x3, Hatchery  
  186  22:17  Zergling x2  
  186  22:18  Zergling x38  
  191  22:27  Zergling x2  
  191  22:28  Zergling x4  
  191  22:29  Overlord x2  
Tags
 
Add a new tag
Caveats
  • Supply blocks, unpowered buildings, or Contaminate may cause inaccurate times.
  • Supply counts are checked every 10 seconds.